 Dungeon Sprint DCSS version 0.27-a0-1046-g98bf31544f (webtiles) character file.

Game seed: 15149828205057430045

69783 mhtbhm the Archmage (level 14, -22/70 HPs)
             Began as a Deep Elf Fire Elementalist on Apr 19, 2021.
             Was the Champion of Vehumet.
             Killed from afar by a shard shrike (glowing shapeshifter) (47 damage)
             ... with a shard of ice
             ... in the Dungeon (Sprint V: "Ziggurat Sprint").
             The game lasted 00:17:53 (1984 turns).

mhtbhm the Archmage (Deep Elf Fire Elementalist)    Turns: 1984, Time: 00:17:53

Health: -22/70     AC: 15    Str: 10    XL:     14   Next: 91%
Magic:  37/56      EV: 20    Int: 35    God:    Vehumet [******]
Gold:   0          SH:  0    Dex: 16    Spells: 16/67 levels left

rFire    + + .     SeeInvis +   C - +8 lance "Wyrmbane" {slay drac, rPois rF+ rC+ AC+3}
rCold    + + +     Faith    .   (no shield)
rNeg     . . .     Spirit   .   a - +2 robe {rC+ rF+}
rPois    +         Reflect  .   O - +2 helmet {SInv}
rElec    .         Harm     .   (no cloak)
rCorr    .         Rampage  .   Q - +3 pair of gauntlets of War {Slay+5}
Will     +....     NoTele   +   (no boots)
Stlth    +++.......             t - amulet "Nioxtiq" {RegenMP rC+ Regen+ Str+4 Int+2}
HPRegen  1.21/turn              u - +6 ring of intelligence
MPRegen  0.60/turn              R - ring of the Octopus King {MP+9 AC+1 EV+1 Str+1 Int+1 Dex+1}

@: studying 2 skills
A: no striking features
a: Renounce Religion


You were in the Dungeon.
You worshipped Vehumet.
Vehumet was exalted by your worship.
You visited 1 branch

Inventory:

Hand Weapons
 w - the +10 morningstar "Eos" {elec, Halo rElec}
   (You took it off a deep elf pyromancer in the Dungeon)

   Occasionally, upon striking a foe, it can discharge electrical energy and
   cause terrible harm.
   It insulates you from electricity.
 C - the +8 lance "Wyrmbane" (weapon) {slay drac, rPois rF+ rC+ AC+3}
   (You found it in the Dungeon)

   It affects your AC (+3).
   It protects you from fire.
   It protects you from cold.
   It protects you from poison.
Armour
 a - a +2 robe of resistance (worn)
 O - a +2 helmet of see invisible (worn)
 Q - the +3 pair of gauntlets of War (worn) {Slay+5}
   (You found it in the Dungeon)

   It affects your accuracy and damage with ranged weapons and melee attacks
   (+5).
Jewellery
 t - the amulet "Nioxtiq" (around neck) {RegenMP rC+ Regen+ Str+4 Int+2}
   (You found it in the Dungeon)

   [amulet of magic regeneration]

   It increases your rate of magic regeneration.
   It affects your strength (+4).
   It affects your intelligence (+2).
   It protects you from cold.
   It increases your rate of health regeneration.
 u - a +6 ring of intelligence (left hand)
 x - the amulet of the Four Winds {rN+ Will+++ Clar}
   (You found it in the Dungeon)

   [amulet of nothing]

   It protects you from negative energy.
   It protects you against confusion.
   It greatly increases your willpower.
 M - the ring "Etaiwn" {Wiz rElec Will+ Stlth-}
   (You took it off a necromancer in the Dungeon)

   [ring of wizardry]

   It improves your spell success rate.
   It insulates you from electricity.
   It increases your willpower.
   It makes you less stealthy.
 N - the ring of Henotheism {rN+ Int+2 Dex-3 Slay+3}
   (You found it in the Dungeon)

   [ring of positive energy]

   It affects your intelligence (+2).
   It affects your dexterity (-3).
   It affects your accuracy and damage with ranged weapons and melee attacks
   (+3).
   It protects you from negative energy.
 R - a ring of the Octopus King (right hand) {MP+9 AC+1 EV+1 Str+1 Int+1 Dex+1}
   (You found it in the Dungeon)

   [ring of magical power]

   It affects your AC (+1).
   It affects your evasion (+1).
   It affects your strength (+1).
   It affects your intelligence (+1).
   It affects your dexterity (+1).
   It affects your magic capacity (+9).
Wands
 y - a wand of mindburst (6)
Scrolls
 m - 4 scrolls of amnesia
 n - 7 scrolls of fog
 o - a scroll of holy word
 p - 5 scrolls of identify
 q - 2 scrolls of fear
 F - 8 scrolls of enchant armour
 L - 4 scrolls of enchant weapon
 P - a scroll of brand weapon
Potions
 b - 2 potions of brilliance
 c - 9 potions of curing
 d - 8 potions of heal wounds
 e - 10 potions of haste
 f - 7 potions of magic
 g - 3 potions of berserk rage
 i - 2 potions of invisibility
 j - 4 potions of resistance
 k - a potion of experience
 l - 5 potions of might
Miscellaneous
 r - a phantom mirror
 z - a condenser vane
 B - a lightning rod (4/4)
 D - a box of beasts
 G - a tin of tremorstones (2/2)
 H - a piece from Xom's chessboard (15/15)
 S - a piece from Xom's chessboard (15/15)


   Skills:
 + Level 1.1 Fighting
 + Level 13.1 Dodging
 - Level 4.1 Stealth
 O Level 27 Spellcasting
 + Level 5.7 Conjurations
 O Level 27 Fire Magic
 + Level 17.8 Earth Magic
 + Level 12.2 Evocations


You had 16 spell levels left.
You knew the following spells:

 Your Spells              Type           Power      Damage    Failure   Level
a - Foxfire               Conj/Fire      100%       2x1d9     0%          1
b - Conjure Flame         Conj/Fire      100%       6-21      0%          3
c - Inner Flame           Hex/Fire       96%        N/A       0%          3
d - Sticky Flame          Conj/Fire      100%       2d11      0%          4
e - Fireball              Conj/Fire      52%        3d20      0%          5
f - Ignition              Fire           62%        3d17      1%          8
g - Shatter               Erth           53%        3d40*     8%          9
h - Lee's Rapid Deconstr  Erth           53%        3d26*     0%          5
i - Iron Shot             Conj/Erth      46%        9d9       1%          6
j - Spellforged Servitor  Conj/Summ      30%        N/A       28%         7

Your spell library contained the following spells:

 Spells                   Type           Power      Damage    Failure   Level
 Ozocubu's Refrigeration  Ice            23%        4d9       63%         7
 Sandblast                Erth           100%       2d20      0%          1
 Bolt of Magma            Conj/Fire/Erth 52%        4d21      0%          5
 Animate Skeleton         Necr           94%        N/A       1%          1
 Freeze                   Ice            100%       1d11      1%          1
 Pain                     Necr           100%       1d9       1%          1
 Shock                    Conj/Air       100%       1d9       1%          1
 Blink                    Tloc           N/A        N/A       1%          2
 Corpse Rot               Necr/Air       N/A        N/A       1%          2
 Static Discharge         Conj/Air       61%        N/A       1%          2
 Sublimation of Blood     Necr           23%        N/A       1%          2
 Confusing Touch          Hex            47%        N/A       1%          3
 Dazzling Flash           Conj/Hex       100%       N/A       1%          3
 Frozen Ramparts          Ice            94%        1d11      1%          3
 Gell's Gravitas          Tloc           23%        N/A       1%          3
 Ignite Poison            Fire/Tmut/Pois 84%        N/A       1%          3
 Lesser Beckoning         Tloc           23%        N/A       1%          3
 Ozocubu's Armour         Ice            47%        N/A       1%          3
 Portal Projectile        Hex/Tloc       94%        N/A       1%          3
 Spider Form              Tmut/Pois      23%        N/A       1%          3
 Swiftness                Air            47%        N/A       1%          3
 Teleport Other           Tloc           47%        N/A       1%          3
 Vampiric Draining        Necr           23%        2d9       1%          3
 Airstrike                Air            23%        N/A       1%          4
 Animate Armour           Summ/Erth      100%       N/A       1%          4
 Fulminant Prism          Conj/Hex       30%        3d16      1%          4
 Hailstorm                Conj/Ice       61%        3d13      1%          4
 Iskenderun's Mystic Bla  Conj/Tloc      61%        2d13      1%          4
 Leda's Liquefaction      Hex/Erth       41%        N/A       1%          4
 Petrify                  Tmut/Erth      83%        N/A       1%          4
 Borgnjor's Vile Clutch   Necr/Erth      41%        N/A       1%          5
 Irradiate                Conj/Tmut      30%        3d24      1%          5
 Lightning Bolt           Conj/Air       30%        1d47      1%          5
 Starburst                Conj/Fire      52%        8x6d14    1%          6
 Yara's Violent Unravell  Hex/Tmut       23%        3d10      3%          5
 Animate Dead             Necr           23%        N/A       4%          4
 Cause Fear               Hex            23%        N/A       4%          4
 Summon Lightning Spire   Summ/Air       47%        N/A       4%          4
 Conjure Ball Lightning   Conj/Air       30%        3x3d10    5%          6
 Agony                    Necr           47%        N/A       12%         5
 Alistair's Intoxication  Tmut/Pois      31%        N/A       12%         5
 Manifold Assault         Tloc           47%        N/A       12%         5
 Metabolic Englaciation   Hex/Ice        23%        N/A       12%         5
 Silence                  Hex/Air        23%        N/A       12%         5
 Eringya's Noxious Bog    Tmut/Pois      23%        N/A       17%         6
 Death Channel            Necr           23%        N/A       54%         6
 Dispersal                Tloc           23%        N/A       54%         6
 Simulacrum               Ice/Necr       23%        N/A       54%         6
 Borgnjor's Revivificati  Necr           23%        N/A       100%        8
 Discord                  Hex            23%        N/A       100%        8
 Infestation              Necr           23%        N/A       100%        8
 Necromutation            Tmut/Necr      23%        N/A       100%        8
 Death's Door             Necr           23%        N/A       100%        9
 Tornado                  Air            23%        N/A       100%        9


Dungeon Overview and Level Annotations

Branches:
Dungeon (1/1)

Altars:
Ashenzari
Cheibriados
Dithmenos
Elyvilon
Fedhas
Gozag
Hepliaklqana
Kikubaaqudgha
Makhleb
Nemelex Xobeh
Okawaru
Qazlal
Ru
Sif Muna
Trog
Uskayaw
Vehumet
Wu Jian
Xom
Yredelemnul
Zin
The Shining One
Beogh
Jiyva
Lugonu


Message History

Casting: Ignition (safe; 1% risk of failure)
Confirm with . or Enter, or press ? or * to list all spells.
The spell is extremely dangerous to cast (16% risk of failure)!
Continue anyway?
The dungeon rumbles!
The juggernaut is almost dead.
You kill the salamander!
Vehumet accepts your kill.
You feel your power returning.
The juggernaut is heavily wounded.
Unknown command.
Unknown command.
Unknown command.
Unknown command.
Casting: Shatter (extremely dangerous; 14% risk of failure)
Confirm with . or Enter, or press ? or * to list all spells.
The spell is extremely dangerous to cast (14% risk of failure)!
Continue anyway?
The dungeon rumbles!
The juggernaut is severely wounded.
You kill the juggernaut!
Vehumet accepts your kill.
The iron dragon is lightly wounded.
The juggernaut changes into a shard shrike!
Your Dodging skill increases to level 13!
Your Earth Magic skill increases to level 17!
Your Evocations skill increases to level 12!
Unknown command.
Casting: Shatter (quite dangerous; 8% risk of failure)
Confirm with . or Enter, or press ? or * to list all spells.
Aiming: Fireball (safe; 0% risk of failure)
Press: ? - help, Shift-Dir - straight line, f - shard shrike
Aim: a shard shrike shaped shifter (flame)
The fireball explodes!
The fireball engulfs the shard shrike!!
The shard shrike is moderately wounded.
Wyrmbane glows as a worthy foe approaches.
The iron dragon changes into a golden dragon!
The shard shrike is engulfed in blazing flames.
The shard shrike spits a shard of ice at you.
The shard of ice hits you!!! You partially resist.
Ouch! That really hurt!
You die...

........D......▓........
....§§§§.......▓..▓.....
.......D.......▓........
......)........▓........
▓..§.b..▓ ▓......©. .
▓▓.§§§.▓▓ .▓▓▓▓▓▓▓▓▓
...▓..§§§..▓...▓.....8©8
...............▓.[))).).
.......@.......▓..|[)[))
▓▓▓▓▓▓▓▓▓▓▓▓▓▓▓▓.....)..
▓........ ▓........
▓......). ▓........
▓..▓..... ▓.▓.▓....
▓..▓.....


You could see a golden dragon shaped shifter and a shard shrike shaped shifter
(catching breath).

Vanquished Creatures
  A juggernaut (shapeshifter) (D)
  A glowing shapeshifter (D)
  A deep elf blademaster (D)
  2 acid blobs (D)
  A titan (shapeshifter) (D)
  An azure jelly (D)
  A rockslime (D)
  3 frost giants (D)
  A very ugly thing (D)
  2 vampire knights (D)
  A deep elf annihilator (D)
  A red draconian (D)
  A black draconian (D)
  2 naga warriors (D)
  2 great orbs of eyes (D)
  An ice dragon (shapeshifter) (D)
  2 ice dragons (D)
  2 hydras (D)
  2 dancing weapons (D)
  A two-headed ogre (shapeshifter) (D)
  2 vampire magi (D)
  A deep elf knight (D)
  2 skeletal warriors (D)
  A death drake (shapeshifter) (D)
  A sea snake (shapeshifter) (D)
  A deep elf archer (D)
  2 glowing orange brains (shapeshifter) (D)
  A harpy (shapeshifter) (D)
  5 necromancers (D)
  2 deep elf zephyrmancers (D)
  3 deep elf pyromancers (D)
  A mana viper (shapeshifter) (D)
  A faun (shapeshifter) (D)
  An orb spider (shapeshifter) (D)
  A salamander (shapeshifter) (D)
  A cyclops (shapeshifter) (D)
  A manticore (shapeshifter) (D)
  An ugly thing (D)
  A wolf spider (shapeshifter) (D)
  6 shining eyes (D)
  4 draconians (D)
  A moth of wrath (shapeshifter) (D)
  An elephant (shapeshifter) (D)
  2 eyes of devastation (D)
  A water nymph (shapeshifter) (D)
  5 naga magi (D)
  4 black mambas (D)
  4 cane toads (D)
  2 torpor snails (shapeshifter) (D)
  A rime drake (shapeshifter) (D)
  A komodo dragon (D)
  3 rime drakes (D)
  2 ice devils (D)
  A queen bee (shapeshifter) (D)
  A troll (shapeshifter) (D)
  15 slime creatures (D)
  A dream sheep (D)
  A slime creature (shapeshifter) (D)
  A blink frog (shapeshifter) (D)
  3 air elementals (D)
  2 redbacks (shapeshifter) (D)
  A yak (shapeshifter) (D)
  A yak (D)
  A basilisk (D)
  2 golden eyes (D)
  5 neqoxecs (D)
  4 nagas (D)
  7 hell hounds (D)
  13 water moccasins (D)
  A floating eye (shapeshifter) (D)
  A black bear (D)
  A black bear (shapeshifter) (D)
  4 necrophages (D)
  2 wolves (D)
  6 bullfrogs (D)
  4 wights (D)
  A quasit (D)
  4 jellies (D)
  6 orc priests (D)
  An iguana (D)
  An adder (D)
  An adder zombie (D)
  An adder simulacrum (D)
  2 orcs (D)
  4 bat skeletons (D)
  3 endoplasms (D)
  2 ball pythons (D)
  A ball python skeleton (D)
  3 ball python zombies (D)
  2 bat simulacra (D)
  2 quokka skeletons (D)
207 creatures vanquished.

Vanquished Creatures (collateral kills)
  A rockslime (D)
1 creature vanquished.

Grand Total: 208 creatures vanquished

Notes
Turn   | Place    | Note
-------+----------+-------------------------------------------
     0 | D        | mhtbhm the Deep Elf Fire Elementalist began the quest for
                  | the Orb.
     0 | D        | Reached XP level 1. HP: 10/10 MP: 6/6
     0 | D        | Found a shimmering blue altar of Sif Muna.
     0 | D        | Found a bloodstained altar of Trog.
     0 | D        | Found a sacrificial altar of Ru.
     0 | D        | Found a stormy altar of Qazlal.
     0 | D        | Found an iron altar of Okawaru.
     1 | D        | Found a sparkling altar of Nemelex Xobeh.
     1 | D        | Found a blossoming altar of Fedhas.
     2 | D        | Found the +6 Majin-Bo {vamp, MP+6 Int+6}
     2 | D        | Found the +9 heavy crossbow "Sniper" {vorpal, Acc+∞ SInv}
     2 | D        | Found the +10 dark maul {vorpal}
     2 | D        | Found the +15 Maxwell's patent armour {-Cast -Tele rElec
                  | Will+ rCorr}
     2 | D        | Found the +18 shield of the Gong {rElec rN+ Will+ EV-5}
     2 | D        | Found the +14 obsidian axe {vorpal, Drain Fly SInv}
     2 | D        | Found the +7 great mace "Firestarter" {inner flame, rF++}
     2 | D        | Found the +6 shillelagh "Devastator" {shatter}
     2 | D        | Found the +11 plutonium sword {Contam Stlth-}
     2 | D        | Found the +8 lance "Wyrmbane" {slay drac, rPois rF+ rC+
                  | AC+3}
     2 | D        | Found the +9 sword of Zonguldrok {reap}
     2 | D        | Found the +13 scythe of Curses {drain, Drain}
     2 | D        | Found the +5 sword of Power {vorpal}
     2 | D        | Found the +7 mace of Variability {chain chaos}
     2 | D        | Found the +7 Singing Sword {vorpal, sonic wave}
     2 | D        | Found the +8 storm bow {elec, penet}
     3 | D        | Found a transporter.
     3 | D        | Found an ancient bone altar of Kikubaaqudgha.
     3 | D        | Found a viscous altar of Jiyva.
     3 | D        | Found a corrupted altar of Lugonu.
     3 | D        | Found a hazy altar of Hepliaklqana.
     3 | D        | Found a burning altar of Makhleb.
     3 | D        | Found an opulent altar of Gozag.
    42 | D        | Became a worshipper of Vehumet
    55 | D        | Entered arena 2.
    55 | D        | Noticed a water moccasin
    55 | D        | Found a transporter.
    57 | D        | Killed a water moccasin
    58 | D        | Reached skill level 5 in Spellcasting
    58 | D        | Reached XP level 2. HP: 15/15 MP: 6/10
    58 | D        | Reached XP level 3. HP: 19/19 MP: 7/12
    58 | D        | Reached XP level 4. HP: 24/24 MP: 7/13
    62 | D        | Learned a level 3 spell: Conjure Flame
    66 | D        | Learned a level 3 spell: Inner Flame
    71 | D        | Learned a level 4 spell: Sticky Flame
   107 | D        | Entered arena 3.
   107 | D        | Found a transporter.
   108 | D        | Reached * piety under Vehumet
   108 | D        | Offered knowledge of Sandblast by Vehumet.
   110 | D        | Reached skill level 5 in Dodging
   110 | D        | Reached skill level 1 in Evocations
   110 | D        | Reached XP level 5. HP: 14/28 MP: 14/16
   118 | D        | Got the amulet "Nioxtiq" {RegenMP rC+ Regen+ Str+4 Int+2}
   245 | D        | Learned a level 5 spell: Fireball
   247 | D        | Entered arena 4.
   247 | D        | Noticed a hell hound
   247 | D        | Noticed a hell hound
   247 | D        | Noticed a hell hound
   247 | D        | Found a transporter.
   249 | D        | Killed a hell hound
   249 | D        | Offered knowledge of Searing Ray by Vehumet.
   249 | D        | Reached ** piety under Vehumet
   250 | D        | Reached skill level 10 in Fire Magic
   250 | D        | Reached XP level 6. HP: 30/32 MP: 17/19
   250 | D        | Killed a hell hound
   252 | D        | Killed a hell hound
   253 | D        | Reached XP level 7. HP: 15/36 MP: 21/21
   428 | D        | Entered arena 5.
   428 | D        | Noticed a deep elf pyromancer
   428 | D        | Noticed a deep elf zephyrmancer
   428 | D        | Noticed a deep elf pyromancer
   428 | D        | Noticed a deep elf archer
   428 | D        | Found a transporter.
   429 | D        | Identified the +6 morningstar of the Forgotten Bounties
                  | {drain, Will+ Str+8}
   430 | D        | Killed a deep elf zephyrmancer
   430 | D        | Offered knowledge of Dazzling Flash by Vehumet.
   430 | D        | Reached *** piety under Vehumet
   431 | D        | Reached skill level 10 in Spellcasting
   432 | D        | Killed a deep elf archer
   433 | D        | Reached skill level 15 in Fire Magic
   433 | D        | Reached skill level 5 in Evocations
   433 | D        | Reached XP level 8. HP: 36/41 MP: 13/25
   433 | D        | Killed a deep elf pyromancer
   434 | D        | Killed a deep elf pyromancer
   435 | D        | Reached XP level 9. HP: 37/45 MP: 11/27
   444 | D        | Learned a level 8 spell: Ignition
   454 | D        | Learned a level 9 spell: Shatter
   494 | D        | Entered arena 6.
   494 | D        | Found a transporter.
   495 | D        | Reached **** piety under Vehumet
   517 | D        | Entered arena 7.
   518 | D        | Reached ***** piety under Vehumet
   519 | D        | Found a transporter.
   535 | D        | Entered arena 8.
   535 | D        | Noticed a black draconian
   535 | D        | Noticed a draconian
   535 | D        | Noticed a draconian
   535 | D        | Noticed a draconian
   535 | D        | Noticed a red draconian
   535 | D        | Noticed a draconian
   536 | D        | Killed a draconian
   536 | D        | Killed a draconian
   536 | D        | Killed a draconian
   536 | D        | Killed a black draconian
   536 | D        | Reached ****** piety under Vehumet
   536 | D        | Killed a draconian
   537 | D        | Reached skill level 10 in Dodging
   537 | D        | Reached XP level 10. HP: 50/50 MP: 28/30
   540 | D        | Killed a red draconian
   541 | D        | Reached skill level 15 in Spellcasting
   541 | D        | Reached skill level 5 in Conjurations
   557 | D        | Found a transporter.
   679 | D        | Entered arena 9.
   680 | D        | Offered knowledge of Mephitic Cloud by Vehumet.
   681 | D        | Found a transporter.
   796 | D        | Entered arena 10.
   797 | D        | Found the +6 arbalest "Damnation" {damnation}
   804 | D        | Found a transporter.
   935 | D        | Entered arena 11.
   935 | D        | Noticed a black mamba
   935 | D        | Noticed a naga mage
   936 | D        | Offered knowledge of Airstrike by Vehumet.
   937 | D        | Killed a naga mage
   937 | D        | Killed a black mamba
   938 | D        | Reached XP level 11. HP: 54/54 MP: 31/33
   942 | D        | Found a transporter.
   950 | D        | Got the Collected Works on Quantum Conjuration
  1062 | D        | Entered arena 12.
  1062 | D        | Noticed a deep elf knight
  1062 | D        | Noticed a deep elf zephyrmancer
  1062 | D        | Noticed a +3 glaive of protection
  1063 | D        | Killed a deep elf zephyrmancer
  1063 | D        | Noticed a +2 vorpal trident
  1064 | D        | Noticed a deep elf blademaster
  1064 | D        | Killed a deep elf knight
  1064 | D        | Killed a deep elf blademaster
  1064 | D        | Noticed a deep elf annihilator
  1065 | D        | Reached skill level 10 in Evocations
  1065 | D        | Killed a deep elf annihilator
  1065 | D        | Noticed a deep elf pyromancer
  1066 | D        | Killed a deep elf pyromancer
  1066 | D        | Killed a +2 vorpal trident
  1067 | D        | Found a transporter.
  1071 | D        | Killed a +3 glaive of protection
  1130 | D        | Got Vanidgh's Compendium of the Rocks
  1135 | D        | Got the Compendium of Fire and Necromancy
  1156 | D        | Learned a level 5 spell: Lee's Rapid Deconstruction
  1161 | D        | Entered arena 13.
  1161 | D        | Noticed a shining eye
  1161 | D        | Noticed a shining eye
  1162 | D        | Offered knowledge of Iron Shot by Vehumet.
  1162 | D        | Killed a harpy
  1162 | D        | Killed a shining eye
  1162 | D        | Noticed a shining eye
  1163 | D        | Reached XP level 12. HP: 59/59 MP: 36/38
  1165 | D        | Found a transporter.
  1192 | D        | Got the Handbook of Venom and the Oath
  1206 | D        | Learned a level 6 spell: Iron Shot
  1209 | D        | Entered arena 14.
  1211 | D        | Noticed a green very ugly thing
  1212 | D        | Offered knowledge of Olgreb's Toxic Radiance by Vehumet.
  1212 | D        | Killed a green very ugly thing
  1276 | D        | Found a transporter.
  1285 | D        | Got the ring "Urov" {Ice Slay+4 Stlth-}
  1338 | D        | Entered arena 15.
  1339 | D        | Noticed an ice dragon
  1339 | D        | Noticed an ice dragon
  1340 | D        | Noticed a frost giant
  1340 | D        | Noticed a frost giant
  1340 | D        | Noticed a frost giant
  1343 | D        | Killed a frost giant
  1343 | D        | Killed an ice dragon
  1343 | D        | Killed an ice dragon
  1343 | D        | Killed a frost giant
  1344 | D        | Reached skill level 1 in Fighting
  1344 | D        | Reached XP level 13. HP: 53/64 MP: 40/42
  1345 | D        | Killed a frost giant
  1375 | D        | Found a transporter.
  1383 | D        | Got the amulet "Aganod" {Spirit rN+ Regen+ Str+2 Dex+3}
  1406 | D        | Entered arena 16.
  1407 | D        | Noticed a rockslime
  1407 | D        | Noticed a rockslime
  1408 | D        | Offered knowledge of Freezing Cloud by Vehumet.
  1408 | D        | Noticed an acid blob
  1410 | D        | Killed an acid blob
  1413 | D        | Found a transporter.
  1418 | D        | Killed a rockslime
  1424 | D        | Killed a rockslime
  1425 | D        | Reached skill level 1 in Earth Magic
  1583 | D        | Entered arena 17.
  1587 | D        | Offered knowledge of Spellforged Servitor by Vehumet.
  1589 | D        | Found the +3 pair of gauntlets of War {Slay+5}
  1589 | D        | Found the ring of the Octopus King {MP+9 AC+1 EV+1 Str+1
                  | Int+1 Dex+1}
  1589 | D        | Found a transporter.
  1673 | D        | Got a ring of the Octopus King {MP+9 AC+1 EV+1 Str+1 Int+1
                  | Dex+1}
  1723 | D        | Entered arena 18.
  1729 | D        | Found the amulet of the Four Winds {rN+ Will+++ Clar}
  1730 | D        | Found a transporter.
  1743 | D        | Got Sif Muna's Guide on Unholy Dislocation
  1750 | D        | Got the amulet "Ypenir" {Acrobat *Corrode Fly rC+ rN+}
  1762 | D        | Got the +11 scimitar of the Priest {pain, rC++ rCorr Dex-2}
  1770 | D        | Entered arena 19.
  1773 | D        | Noticed a vampire knight
  1773 | D        | Noticed a vampire knight
  1774 | D        | Identified the +6 hand axe of Wicked Fortitude {antimagic,
                  | +Rage rN+ Dex+4}
  1775 | D        | Reached skill level 27 in Spellcasting
  1775 | D        | Reached XP level 14. HP: 70/70 MP: 47/47
  1775 | D        | Killed a vampire knight
  1776 | D        | Identified the +5 dire flail "Pogh" {vorpal, rN+}
  1778 | D        | Killed a vampire knight
  1850 | D        | Found a transporter.
  1867 | D        | Got the ring "Petud" {rPois rC+ Dex+6 Slay+2}
  1878 | D        | Got the ring "Etaiwn" {Wiz rElec Will+ Stlth-}
  1907 | D        | Learned a level 7 spell: Spellforged Servitor
  1908 | D        | Entered arena 20.
  1914 | D        | Offered knowledge of Ozocubu's Refrigeration by Vehumet.
  1914 | D        | Killed an azure jelly
  1914 | D        | Noticed an acid blob
  1915 | D        | Reached skill level 27 in Fire Magic
  1916 | D        | Reached skill level 10 in Earth Magic
  1916 | D        | Killed an acid blob
  1918 | D        | Found a transporter.
  1924 | D        | Got the ring of Henotheism {rN+ Int+2 Dex-3 Slay+3}
  1968 | D        | Entered arena 21.
  1972 | D        | Noticed a glowing shapeshifter
  1973 | D        | Noticed a titan
  1974 | D        | Killed a titan
  1974 | D        | Noticed a shard shrike
  1974 | D        | Noticed a glowing shapeshifter
  1975 | D        | Killed a glowing shapeshifter
  1975 | D        | Noticed an iron giant
  1976 | D        | Reached skill level 15 in Earth Magic
  1976 | D        | a glowing shapeshifter changed into an ice dragon
  1976 | D        | Noticed a juggernaut
  1976 | D        | a shard shrike changed into a juggernaut
  1976 | D        | Noticed a rockslime
  1979 | D        | Noticed a juggernaut
  1979 | D        | a rockslime changed into a juggernaut
  1979 | D        | Noticed an iron dragon
  1979 | D        | an iron giant changed into an iron dragon
  1983 | D        | Killed a juggernaut
  1983 | D        | Noticed a shard shrike
  1983 | D        | a juggernaut changed into a shard shrike
  1984 | D        | Noticed a golden dragon
  1984 | D        | an iron dragon changed into a golden dragon
  1984 | D        | Killed from afar by a shard shrike (glowing shapeshifter)

Illustrated notes

Levels and vault maps discovered:
D:        sprint_v [room_start, room_1, room_2, room_3, room_4, room_5, room_6,
          room_7, room_8, room_9, room_10, room_11, room_12, room_13, room_14,
          room_15, room_16, room_17, room_18, room_19, room_20, room_21,
          room_22, room_23, room_24, room_25, room_26, room_27]

Skill      XL: |  1  2  3  4  5  6  7  8  9 10 11 12 13 14 |
---------------+-------------------------------------------+-----
Dodging        | 4 5 6 8 9 10 11 13 | 13.1
Stealth        | 4 |  4.1
Spellcasting   | 5 6 8 9 11 12 14 16 20 23 27 | 27.0
Fire Magic     | 8 9 10 12 15 16 18 19 21 23 26 27 | 27.0
Evocations     | 1 2 3 5 6 7 9 10 11 12 | 12.2
Conjurations   | 2 3 4 5 |  5.7
Fighting       | 1 |  1.1
Earth Magic    | 3 17 | 17.8

Action                   |  1- 3 |  4- 6 |  7- 9 | 10-12 | 13-15 || total
-------------------------+-------+-------+-------+-------+-------++-------
 Cast: Fireball          |       |       |     2 |     4 |     1 ||     7
       Sticky Flame      |       |       |     1 |     2 |       ||     3
       Ignition          |       |       |     3 |    18 |    26 ||    47
       Lee's Rapid Decon |       |       |       |       |     4 ||     4
       Shatter           |       |       |       |       |     2 ||     2
Evoke: Wand              |     1 |     4 |     2 |     4 |     4 ||    15
       Lightning rod     |     1 |     3 |       |     6 |       ||    10
       Box of beasts     |       |       |       |       |     1 ||     1
       Condenser vane    |       |       |       |       |     1 ||     1
  Use: Potion            |       |       |     1 |     1 |     1 ||     3
       Scroll            |       |       |       |     1 |     3 ||     4
Armor: Robe              |       |       |       |       |     1 ||     1
Dodge: Dodged            |       |       |       |     6 |     2 ||     8

Table legend: (Time is in decaauts)
 A = Elapsed time spent in this place.
 B = Non-inter-level travel time spent in this place.
 C = Inter-level travel time spent in this place.
 D = Time resting spent in this place.
 E = Time spent auto-exploring this place.
 F = Levels seen in this place.
 G = Mean time per level.
                   A        B        C        D        E       F      G
               +--------+--------+--------+--------+--------+-----+--------+
         Total |   1983 |   1983 |      0 |   1149 |      0 |   1 | 1983.0 |
       Dungeon |   1983 |   1983 |      0 |   1149 |      0 |   1 | 1983.0 |
               +--------+--------+--------+--------+--------+-----+--------+

Top non-repeatable levels by time:
       D: 1983 daAuts
